 Dungeon Crawl Stone Soup version 0.26.1-11-gd32895ea62 (webtiles) character file.

Game seed: 12890291985207953260

15 Everton the Ducker (level 2, -4/23 HPs)
             Began as a Gnoll Wanderer on Aug 7, 2021.
             Hit by a boomerang thrown by an orc (5 damage)
             ... on level 2 of the Dungeon.
             The game lasted 00:02:08 (1135 turns).

Everton the Ducker (Gnoll Wanderer)                 Turns: 1135, Time: 00:02:09

Health: -4/23      AC:  2    Str: 15    XL:     2   Next: 50%
Magic:  5/5        EV: 15    Int: 11    God:
Gold:   54         SH:  0    Dex: 16    Spells: 5/6 levels left

rFire    . . .     SeeInvis .   a - +2 dagger
rCold    . . .     Faith    .   (no shield)
rNeg     . . .     Spirit   .   e - +0 robe
rPois    .         Reflect  .   (no helmet)
rElec    .         Harm     .   (no cloak)
rCorr    .         Rampage  .   (no gloves)
Will     .....                  (no boots)
Stlth    ++........             (no amulet)
HPRegen  0.07/turn              (no ring)
MPRegen  0.09/turn              (no ring)

@: no status effects
A: distributed training, fangs 1, strong nose
a: no special abilities


You were on level 2 of the Dungeon.
You visited 1 branch of the dungeon, and saw 2 of its levels.

You collected 54 gold pieces.

Inventory:

Hand Weapons
 a - a +2 dagger (weapon)
 c - a +0 quarterstaff
 h - a cursed +0 spear
Missiles
 b - 2 curare-tipped darts (quivered)
 g - 24 stones
Armour
 e - a +0 robe (worn)
Scrolls
 d - a scroll of identify {unknown}
 j - a scroll of amnesia {unknown}
Potions
 f - a potion of curing {unknown}
 i - a potion of haste {unknown}


   Skills:
 + Level 2.5 Fighting
 + Level 0.4 Short Blades
 + Level 0.4 Long Blades
 + Level 0.4 Axes
 + Level 0.4 Maces & Flails
 + Level 0.4 Polearms
 + Level 4.5 Staves
 + Level 0.4 Slings
 + Level 0.4 Bows
 + Level 0.4 Crossbows
 + Level 2.5 Throwing
 + Level 0.4 Armour
 + Level 4.5 Dodging
 + Level 0.4 Stealth
 + Level 0.4 Shields
 + Level 0.4 Unarmed Combat
 + Level 2.7 Spellcasting
 + Level 0.2 Conjurations
 + Level 0.2 Hexes
 + Level 0.2 Summonings
 + Level 0.2 Necromancy
 + Level 0.2 Translocations
 + Level 0.2 Transmutations
 + Level 2.0 Fire Magic
 + Level 0.2 Ice Magic
 + Level 0.2 Air Magic
 + Level 2.0 Earth Magic
 + Level 0.2 Poison Magic
 + Level 0.5 Invocations
 + Level 2.5 Evocations


You had 5 spell levels left.
You knew the following spells:

 Your Spells              Type           Power        Failure   Level
a - Sandblast             Erth           12%          12%         1

Your spell library contained the following spells:

 Spells                   Type           Power        Failure   Level
 Stone Arrow              Conj/Erth      8%           45%         3


Dungeon Overview and Level Annotations

Branches:
Dungeon (2/15)

Altars:
Yredelemnul


Innate Abilities, Weirdness & Mutations

Your experience applies equally to all skills.
You have very sharp teeth.
Your uncanny sense of smell can sniff out nearby items.


Message History

You hit the ufetubus.
The ufetubus is almost dead.
The bat misses you. The ufetubus barely misses you.
The ufetubus closely misses you. The orc completely misses you.
The ufetubus closely misses you. The ufetubus hits you.
* * * LOW HITPOINT WARNING * * *
The bat closely misses you. x2; The rat closely misses you.
You see here a scroll labelled MEUSIXT YRED.
The ufetubus hits you.
* * * LOW HITPOINT WARNING * * *
The ufetubus closely misses you. The bat hits you but does no damage.
The bat hits you.
* * * LOW HITPOINT WARNING * * *
The bat completely misses you. The ufetubus barely misses you.
The ufetubus completely misses you. The bat misses you.
The bat hits you but does no damage.
There is a stone staircase leading up here.
The ufetubus completely misses you. The ufetubus closely misses you.
The rat misses you.
The orc throws a boomerang.
The boomerang hits you.
You die...

.# ## ... ##. ...#
### #.. ##..#
...#####.###....#
#........@.....#
#....b.r5...###
.###....oSK.......
.................#
.##..##)?.###..#..
.....?.........# .
......>..#####...
........... ..#.
............. ##


You could see an adder, an orc, an ufetubus, a bat, a kobold and a rat.

Vanquished Creatures
  A dart slug (D:1)
  4 goblins
  2 hobgoblins
  2 kobolds (D:1)
  3 bats (D:1)
  A frilled lizard (D:1)
  A rat (D:1)
14 creatures vanquished.

Notes
Turn   | Place    | Note
-------+----------+-------------------------------------------
     0 | D:1      | Everton the Gnoll Wanderer began the quest for the Orb.
     0 | D:1      | Everton set off with the following items: a +2 dagger, 2
                  | curare-tipped darts, a +0 quarterstaff, a +0 robe; and the
                  | following spell memorised: Sandblast; and the following
                  | spells available to memorise: Stone Arrow
     0 | D:1      | Reached XP level 1. HP: 17/17 MP: 4/4
   278 | D:1      | Reached XP level 2. HP: 13/23 MP: 3/5
  1120 | D:2      | Found a basalt altar of Yredelemnul.
  1132 | D:2      | HP: 1/23 [bat (1)]
  1135 | D:2      | Hit by a boomerang thrown by an orc

Illustrated notes

Levels and vault maps discovered:
D:1:      dpeg_arrival_radiant, layout_basic
D:2:      layout_rooms, overflow_temple_1_default

Skill      XL: |  1 |
---------------+----+-----
Fire Magic     | 2 |  2.0
Earth Magic    | 2 |  2.0
Fighting       | |  2.5
Short Blades   | |  0.4
Long Blades    | |  0.4
Axes           | |  0.4
Maces & Flails | |  0.4
Polearms       | |  0.4
Staves         | |  4.5
Slings         | |  0.4
Bows           | |  0.4
Crossbows      | |  0.4
Throwing       | |  2.5
Armour         | |  0.4
Dodging        | |  4.5
Stealth        | |  0.4
Shields        | |  0.4
Unarmed Combat | |  0.4
Spellcasting   | |  2.7
Conjurations   | |  0.2
Hexes          | |  0.2
Summonings     | |  0.2
Necromancy     | |  0.2
Translocations | |  0.2
Transmutations | |  0.2
Ice Magic      | |  0.2
Air Magic      | |  0.2
Poison Magic   | |  0.2
Invocations    | |  0.5
Evocations     | |  2.5

Action                   || total
-------------------------++-------
Melee: Dagger            ||    42
       Bite              ||     7
 Cast: Sandblast         ||     1
Armor: Robe              ||     5
Dodge: Dodged            ||    60
